 Dungeon Crawl Stone Soup version 0.29-a0-91-gdebf4667c2 (webtiles) character file.

Game seed: 477030302652821111

39 timneilson the Shield-Bearer (level 3, -5/23 HPs)
             Began as a Gargoyle Fighter on Feb 8, 2022.
             Killed by divine providence
             ... invoked by an orc priest
              (12 damage)
             ... on level 2 of the Dungeon.
             The game lasted 00:01:20 (1181 turns).

timneilson the Shield-Bearer (Gargoyle Fighter)     Turns: 1181, Time: 00:01:22

Health: -5/23      AC: 10    Str: 21    XL:     3   Next: 45%
Magic:  3/3        EV:  9    Int: 10    God:
Gold:   71         SH:  5    Dex: 15    Spells: 2/2 levels left

rFire   . . .      SeeInvis .   a - +0 long sword
rCold   . . .      Faith    .   c - +0 buckler
rNeg    + . .      Spirit   .   b - +0 scale mail
rPois   ∞          Reflect  .   (no helmet)
rElec   +          Harm     .   (no cloak)
rCorr   .          Rampage  .   (no gloves)
Will    .....                   (no boots)
Stlth   ..........              (no amulet)
HPRegen 0.07/turn               f - +6 ring of dexterity
MPRegen 0.08/turn               (no ring)

@: mighty, attractive, hasted, very quick
A: sickness immunity, AC +3, negative energy resistance 1, electricity
resistance, torment resistance 1, petrification resistance, clever 1
a: no special abilities


You were on level 2 of the Dungeon.
You visited 1 branch of the dungeon, and saw 2 of its levels.

You collected 71 gold pieces.

Inventory:

Hand Weapons
 a - a +0 long sword (weapon)
Armour
 b - a +0 scale mail (worn)
 c - a +0 buckler (worn)
Jewellery
 f - a +6 ring of dexterity (left hand)
Potions
 d - a potion of might


   Skills:
 + Level 3.5 Fighting
 * Level 2.2 Long Blades
 * Level 3.7 Armour
 + Level 0.4 Dodging
 * Level 3.7 Shields


You had 2 spell levels left.
You didn't know any spells.
Your spell library was empty.

Dungeon Overview and Level Annotations

Branches:
Dungeon (2/15)

Altars:


Innate Abilities, Weirdness & Mutations

You are immune to sickness and miasma.
Your stone body is resilient. (AC +3)
You are immune to poison.
You resist negative energy. (rN+)
You are resistant to electric shocks. (rElec)
You are resistant to unholy torment.
You are immune to petrification.
Your mind is acute. (Int +2)


Message History

An orc comes into view. It is wielding a +0 whip.
You block the orc priest's attack. The bat hits you but does no damage.
You hit the orc priest.
The orc priest is lightly wounded.
The bat barely misses you. The bat hits you but does no damage.
You hit the orc priest.
The orc priest is moderately wounded.
The bat hits you but does no damage.
The orc priest looks encouraged for a moment.
You block the orc's attack.
You slash the orc priest!
The orc priest is almost dead.
The bat hits you.
The orc priest mumbles some strange prayers to Beogh against you.
You barely resist. The orc hits you but does no damage.
The orc priest calls down the wrath of Beogh upon you.
Beogh smites you!
Ouch! That really hurt!
You block the orc priest's attack.
You are too injured to fight recklessly!
You are too injured to fight recklessly!
It was a potion of attraction.
You feel attractive to monsters. The orc hits you but does no damage.
The bat closely misses you.
The orc priest looks braver for a moment.
The orc priest closely misses you.
It was a potion of haste.
You feel yourself speed up. The bat closely misses you.
The orc barely misses you. The orc priest closely misses you.
You block the orc priest's attack.
You feel very mighty all of a sudden. The bat hits you but does no damage.
The orc hits you but does no damage. The orc is attracted toward you.
It was a potion of mutation.
You feel extremely strange.
You feel clever. The bat closely misses you. You block the orc's attack.
The orc priest begins to cast a cantrip, but forgets the words!
The orc priest mumbles some strange prayers to Beogh against you.
Beogh smites you!
Ouch! That really hurt!
You die...

... #.# # #.# #.# # #
#.# ####.# # ##. #.#
#....##### ..
##.####.##....†.
##.###.......########
#..................
###..o##...##########
#...oo@.†.##
......oo........#
.#....§b...####.#
.......#...#
..##...#...# .
##.##...# #. .....
##<......


You could see 2 orc priests, 3 orcs and a bat.

Vanquished Creatures
  An adder (D:2)
  A worm (D:2)
  A dart slug (D:1)
  3 giant cockroaches (D:1)
  5 hobgoblins
  2 kobolds (D:1)
  2 quokkas
  4 ball pythons
  4 bats
  3 rats (D:1)
26 creatures vanquished.

Notes
Turn   | Place    | Note
-------+----------+-------------------------------------------
     0 | D:1      | timneilson the Gargoyle Fighter began the quest for the
                  | Orb.
     0 | D:1      | Reached XP level 1. HP: 14/14 MP: 1/1
   291 | D:1      | Reached XP level 2. HP: 19/19 MP: 2/2
   898 | D:2      | Reached XP level 3. HP: 23/23 MP: 3/3
  1181 | D:2      | Gained mutation: Your mind is acute. (Int +2) [potion of
                  | mutation]
  1181 | D:2      | Killed from afar by an orc priest

Illustrated notes

Levels and vault maps discovered:
D:1:      doesnt_arrival_eight_statues, layout_basic
D:2:      layout_loops_ring

Skill      XL: |  1 |
---------------+----+-----
Long Blades    | 2 |  2.2
Fighting       | |  3.5
Armour         | |  3.7
Dodging        | |  0.4
Shields        | |  3.7

Action                   || total
-------------------------++-------
Melee: Long sword        ||    82
  Use: Scroll            ||     1
       Potion            ||     4
Armor: Scale mail        ||    59
Dodge: Dodged            ||    58
Block: Buckler           ||    32

Table legend: (Time is in decaauts)
 A = Elapsed time spent in this place.
 B = Non-inter-level travel time spent in this place.
 C = Inter-level travel time spent in this place.
 D = Time resting spent in this place.
 E = Time spent auto-exploring this place.
 F = Levels seen in this place.
 G = Mean time per level.
                   A        B        C        D        E       F      G
               +--------+--------+--------+--------+--------+-----+--------+
         Total |   1207 |   1168 |     39 |      0 |    958 |   2 |  603.5 |
       Dungeon |   1207 |   1168 |     39 |      0 |    958 |   2 |  603.5 |
               +--------+--------+--------+--------+--------+-----+--------+

Top non-repeatable levels by time:
     D:1: 907 daAuts
     D:2: 299 daAuts
